 Dungeon Crawl Stone Soup version 0.22-a0-271-gc000056a37 (webtiles) character file.

477102 Xiin the Ninja (level 23, -4/139 HPs)
             Began as a Spriggan Enchanter on Mar 10, 2018.
             Was the Champion of Dithmenos.
             Killed from afar by a tengu reaver (41 damage)
             ... with a bolt of acid
             ... on level 5 of the Vaults on Mar 11, 2018.
             The game lasted 03:45:31 (86078 turns).

Xiin the Ninja (Spriggan Enchanter)                Turns: 86078, Time: 03:45:34

Health: -4/139     AC: 14    Str: 10    XL:     23   Next: 64%
Magic:  44/49      EV: 43    Int: 21    God:    Dithmenos [******]
Gold:   2574       SH:  4    Dex: 19    Spells: 19/64 levels left

rFire    + . .     SeeInvis +   A - +9 quick blade (elec)
rCold    + . .     Gourm    .   (shield restricted)
rNeg     . . .     Faith    .   S - +2 robe {rC+ rF+}
rPois    .         Spirit   .   Q - +2 hat {Int+3}
rElec    .         Reflect  +   n - +2 cloak
rCorr    .         Harm     .   (gloves unavailable)
MR       ++++.                  (boots unavailable)
Stlth    ++++++++++             O - +4 amulet of reflection
HPRegen  0.33/turn              V - +5 ring of evasion
MPRegen  0.31/turn              T - +5 ring of protection

@: lethally poisoned (-4 -> -10), wreathed by umbra, drained, very quick
A: very small, unfitting armour, horns 1, see invisible, herbivore, speed 3,
robust 1, slow metabolism 2
}: 2/15 runes: decaying, gossamer
a: Shadow Step, Shadow Form, Renounce Religion


You were on level 5 of the Vaults.
You worshipped Dithmenos.
Dithmenos was exalted by your worship.
You were full.

You visited 9 branches of the dungeon, and saw 45 of its levels.
You visited the Abyss 1 time.
You also visited: Ossuary, Bailey and Ice Cave.

You collected 5237 gold pieces.
You spent 2663 gold pieces at shops.

Inventory:

Hand Weapons
 A - a +9 quick blade of electrocution (weapon)
 C - a +3 rapier
 X - the +7 rapier of the Orcish Mines {drain, +Blink MP+9 Str+4 Dex+4}
   (You found it on level 4 of the Depths)

   A truly terrible weapon, it drains the life of those it strikes.
   It affects your strength (+4).
   It affects your dexterity (+4).
   It affects your magic capacity (+9).
   It lets you blink.
Missiles
 s - 2 throwing nets (quivered)
Armour
 n - a +2 cloak (worn)
 Q - a +2 hat of intelligence (worn)
 R - a +2 robe
 S - a +2 robe of resistance (worn)
Jewellery
 f - an uncursed amulet of rage
 i - a +4 ring of protection
 v - an uncursed ring of fire
 w - a +2 ring of intelligence
 F - the ring of Contention {MR+ Str+3}
   (You took it off a deep elf master archer on level 3 of the Elven Halls)

   [ring of protection from magic]

   It affects your strength (+3).
   It affects your resistance to hostile enchantments.
 H - a +5 amulet of reflection
 M - an uncursed ring of protection from fire
 O - a +4 amulet of reflection (around neck)
 T - a +5 ring of protection (right hand)
 U - the ring "Vaqus" {rC+ MP+9 Int+6 Dex-2 Stlth+}
   (You found it on level 4 of the Depths)

   [ring of magical power]

   It affects your intelligence (+6).
   It affects your dexterity (-2).
   It protects you from cold.
   It affects your magic capacity (+9).
   It makes you more stealthy.
 V - a +5 ring of evasion (left hand)
Wands
 a - a wand of paralysis (67)
 m - a wand of disintegration (49)
 t - a wand of enslavement (79)
 K - a wand of digging (44)
 L - a wand of acid (32)
Scrolls
 b - 3 scrolls of enchant armour
 e - 21 scrolls of teleportation
 j - 15 scrolls of remove curse
 k - 10 scrolls of identify
 o - 3 scrolls of fear
 q - 10 scrolls of fog
 r - 3 scrolls of enchant weapon
 u - 2 scrolls of vulnerability
 x - 7 scrolls of blinking
 y - 3 scrolls of summoning
 E - 6 scrolls of amnesia
 W - 3 scrolls of magic mapping
Potions
 c - 7 potions of brilliance
 g - 11 potions of heal wounds
 h - 13 potions of mutation
 l - 4 potions of curing
 p - 8 potions of flight
 z - 6 potions of cancellation
 B - a potion of haste
 D - 2 potions of magic
 G - 5 potions of resistance
 J - 5 potions of agility
 N - 6 potions of ambrosia
 P - 2 potions of invisibility
Miscellaneous
 I - a phantom mirror
Comestibles
 d - 21 rations


   Skills:
 + Level 15.5(14.8) Fighting
 - Level 14.0(13.3) Short Blades
 + Level 23.8(23.0) Dodging
 O Level 27(26.1) Stealth
 + Level 21.1(20.3) Spellcasting
 - Level 19.0(18.3) Hexes
 - Level 8.0(7.4) Summonings


You had 19 spell levels left.
You knew the following spells:

 Your Spells              Type           Power        Failure   Level  Hunger
a - Ensorcelled Hibernat  Hex/Ice        ######       1%          2    None
b - Corona                Hex            #######      0%          1    None
c - Confuse               Hex            #######.     0%          3    None
d - Tukima's Dance        Hex            #######.     0%          3    None
e - Dazzling Spray        Conj/Hex       ######       1%          3    None
f - Cause Fear            Hex            #######...   0%          4    None
g - Summon Mana Viper     Hex/Summ       ######..     1%          5    None
h - Invisibility          Hex            #######.     1%          6    ####...
i - Summon Forest         Summ/Tloc      #####.....   13%         5    None
j - Silence               Hex/Air        ######....   1%          5    None
k - Discord               Hex            #######...   8%          8    #######


Dungeon Overview and Level Annotations

Branches:
Dungeon (15/15)            Temple (1/1) D:4            Lair (6/6) D:8
  Swamp (4/4) Lair:4       Spider (4/4) Lair:2        Slime (0/5) Lair:5
    Orc (2/2) D:11            Elf (3/3) Orc:2        Vaults (5/5) D:14
  Crypt (0/3) Vaults:3     Depths (5/5) D:15            Zot (0/5) Depths:5

Altars:
Ashenzari
Cheibriados
Dithmenos
Elyvilon
Fedhas
Gozag
Hepliaklqana
Kikubaaqudgha
Makhleb
Nemelex Xobeh
Okawaru
Qazlal
Ru
Sif Muna
Trog
Uskayaw
Vehumet
Wu Jian
Xom
Yredelemnul
Zin
The Shining One

Shops:
D:4 *   D:5 }   D:7 *   D:10 %   D:12 }   Orc:1 (   Orc:2 [(=*[*?   Elf:2 *
Depths:1 %}   Depths:4 *

Portals:
Hell: Depths:1 Depths:2 Depths:3 Depths:4 Depths:5
Abyss: Depths:1 Depths:4
Pandemonium: Depths:1 Depths:3 Depths:4
Ziggurat: Depths:3

Annotations:
Lair:4 exclusion: 2 oklob plants


Innate Abilities, Weirdness & Mutations

You are very small and have problems with some larger weapons.
You are too small for most types of armour.
You have supernaturally acute eyesight. (SInv)
You are a herbivore.
You cover ground extremely quickly.
You need to consume almost no food.
You have a pair of small horns on your head.
You are robust. (+10% HP)


Message History

Your shadow barely misses the tengu reaver.
The tengu reaver casts a spell at you. The bolt of poison hits you!
You are poisoned.
* * * LOW HITPOINT WARNING * * *
You emit a cloud of dark smoke.
You are too injured to fight recklessly!
Unknown command.
Casting: Summon Mana Viper (safe; 1% risk of failure)
Confirm with . or Enter, or press ? or * to list all spells.
Aiming: Ensorcelled Hibernation (safe; 1% risk of failure)
Press: ? - help, Shift-Dir - straight line, f - sphinx
Aim: a sphinx (black smoke, umbra, chance to defeat MR: 37%)
The tengu reaver is unaffected.
Your shadow mimicks your spell!
The tengu reaver is unaffected.
You feel sick.
Your mana viper closely misses the tengu reaver.
The tengu reaver points at you and mumbles some strange words.
The bolt of acid hits you!
You die...

...## ...|# ..# ....
..# ... ..# .. #..#
§##..# .. #§#§.#
....###@#§.#
#'HQS§§§#
################§§§§#
..............§§§§§§#
..............§§§§§§#
#####################


You could see a sphinx, a tengu reaver and a friendly mana viper.

Vanquished Creatures
  An ancient lich (Vaults:3)
  Sojobo (Vaults:4)
  Boris (twice) (Vaults:4 Depths:3)
  Saint Roka (Vaults:2)
  A caustic shrike (Depths:4)
  4 golden dragons
  2 liches (Depths:4)
  2 bone dragons (Depths:5)
  Arachne (Spider:2)
  Jorgrun (Vaults:2)
  A tentacled monstrosity (Vaults:5)
  2 titans
  3 deep elf blademasters
  Asterion (Vaults:2)
  2 deep elf master archers (Elf:3)
  A sphinx (Vaults:4)
  5 thorn hunters
  Kirke (Spider:2)
  3 shadow dragons
  4 storm dragons
  4 tengu reavers
  7 fire giants
  3 frost giants
  3 orc warlords
  2 iron dragons
  A draconian scorcher (Depths:5)
  10 vault wardens
  3 deep elf sorcerers
  A draconian shifter (Depths:5)
  Louise (Spider:4)
  2 ghouls (Vaults:3)
  Aizul (Depths:1)
  8 emperor scorpions
  2 deep elf elementalists (Elf:3)
  13 ironheart preservers
  3 spriggan defenders
  10 very ugly things
  9 stone giants
  A war gargoyle (Vaults:5)
  An angel (Depths:3)
  3 entropy weavers
  A vampire knight (Depths:4)
  5 deep elf demonologists
  A black draconian (Depths:5)
  A yellow draconian (Depths:5)
  Nessos (Orc:2)
  3 dire elephants
  The ghost of aredel the Fighter, a journeyman FoFi of Kikubaaqudgha (Lair:5)
  4 deep elf annihilators
  2 purple draconians (Depths:5)
  4 spark wasps
  The ghost of jotwebe the Brawler, a journeyman DrTm of Dithmenos (Lair:6)
  4 deep elf death magi (Elf:3)
  2 merfolk javelineers
  The ghost of Edwin the Quickloader, a journeyman GnHu of Cheibriados (D:12)
  Josephine (D:12)
  6 fire dragons
  8 ettins
  14 yaktaur captains
  15 ogre magi
  5 great orbs of eyes
  A deep elf high priest (Elf:3)
  7 vault guards
  3 rakshasas
  20 hydras
  A hell beast (Depths:5)
  2 spriggan air magi
  A ghost crab (Swamp:4)
  8 ice dragons
  10 centaur warriors
  39 two-headed ogres
  2 catoblepae
  6 death knights
  11 alligators
  13 deep troll shamans
  A death yak (shapeshifter) (Vaults:1)
  An anaconda (shapeshifter) (D:14)
  11 death yaks
  4 tengu warriors
  A thrashing horror (Abyss:3)
  14 deep troll earth magi
  2 vampire magi
  Urug (D:10)
  4 orc high priests
  Nergalle (D:10)
  A soul eater (Depths:5)
  15 deep elf knights
  5 spriggan berserkers
  9 skeletal warriors
  A sixfirhy (Depths:4)
  13 hell knights
  A large abomination (Abyss:3)
  3 iron trolls
  2 flayed ghosts
  A shadow wraith (Vaults:3)
  6 spriggan druids
  A swamp dragon (shapeshifter) (Elf:2)
  2 glowing orange brains
  2 wizards
  32 deep trolls
  A gelid demonspawn (Depths:4)
  3 unseen horrors
  10 swamp dragons
  5 deep elf archers
  11 ironbrand convokers
  A lindwurm (Lair:6)
  7 necromancers
  10 harpies
  Pikel (D:9)
  6 shambling mangroves
  4 phantasmal warriors
  23 orc knights
  2 orb spiders (shapeshifter)
  20 orb spiders
  44 deep elf magi
  45 ugly things
  34 wolf spiders
  2 oklob plants (Swamp:3)
  7 orc sorcerers
  8 cyclopes
  3 manticores
  A moth of wrath (Spider:4)
  4 black mambas
  3 elephants (Lair:6)
  An apocalypse crab (Abyss:3)
  Maurice (D:13)
  A black mamba (shapeshifter) (Vaults:1)
  Joseph (D:7)
  A water nymph (shapeshifter) (Depths:2)
  The ghost of Grangar the Slasher, a novice MiFi (D:4)
  3 torpor snails
  12 vault sentinels
  4 gargoyles
  22 spiny frogs
  A hellion (Depths:4)
  6 centaur skeletons
  A komodo dragon (shapeshifter) (Elf:2)
  A kobold demonologist (D:10)
  8 demonic crawlers
  7 komodo dragons
  4 rime drakes
  2 ice devils
  6 freezing wraiths
  60 yaktaurs
  An efreet (D:14)
  A hellwing (Depths:4)
  7 trolls
  3 tengu conjurers
  28 jumping spiders
  29 hornets
  A queen bee (Lair:2)
  5 polar bears
  2 tyrant leeches
  21 dancing weapons
  7 hippogriffs
  A dream sheep (shapeshifter) (Elf:3)
  2 slime creatures (shapeshifter)
  2 raiju (Abyss:3)
  A blink frog (shapeshifter) (Vaults:1)
  28 slime creatures
  7 dream sheep (Lair:6)
  4 blink frogs (Lair:3)
  10 bog bodies
  An air elemental (Elf:2)
  A stone giant simulacrum (Vaults:2)
  A spriggan (shapeshifter) (Elf:2)
  A shadow (Vaults:3)
  38 tarantellas
  15 spriggans
  11 wraiths
  Grum (D:9)
  66 redbacks
  17 water elementals
  2 wyverns
  5 fire elementals
  2 basilisks (Lair:6)
  37 yaks
  Menkaure (D:7)
  6 hungry ghosts
  A neqoxec (Depths:4)
  2 steam dragons
  14 vampire mosquitoes
  15 insubstantial wisps
  13 swamp worms
  7 wargs
  4 acid dragons
  Duvessa (D:7)
  A hell hound (Depths:5)
  9 water moccasins
  9 porcupines
  10 swamp drakes
  A hornet zombie (D:15)
  8 ice beasts
  4 sky beasts
  61 ogres
  59 orc warriors
  A black bear (Lair:6)
  2 phantoms
  An eye of draining (D:12)
  2 necrophages
  18 wolves
  9 boggarts
  A human skeleton (Vaults:2)
  18 centaurs
  9 crocodiles
  2 human zombies (Vaults:2)
  4 big kobolds
  19 bullfrogs
  An earth elemental (Elf:3)
  A gnoll sergeant (D:12)
  A wyvern zombie (Ossuary)
  Dowan (D:7)
  2 small abominations (Abyss:3)
  3 wyvern skeletons
  3 scorpions
  37 killer bees
  2 human simulacra (Vaults:2)
  2 troll zombies (D:11)
  7 wights
  7 electric eels
  8 howler monkeys
  9 crimson imps
  4 quasits
  8 bullfrog zombies
  A centaur zombie (D:7)
  4 hounds
  10 orc priests
  Crazy Yiuf (D:2)
  22 orc wizards
  2 bullfrog skeletons
  A jelly (D:8)
  Jessica (D:2)
  2 iguanas
  Terence (D:2)
  8 worker ants
  3 killer bee zombies
  3 ogre zombies (D:11)
  5 hound zombies
  16 mummies (Ossuary)
  Robin (D:3)
  3 worker ant zombies (Ossuary)
  10 gnolls
  7 adders
  8 shadow imps
  A white imp (Depths:4)
  2 ufetubi (Depths:4)
  8 oozes
  2 adder zombies
  3 worms
  3 dart slugs
  4 leopard geckos
  83 orcs
  4 giant cockroaches
  18 goblins
  16 hobgoblins
  4 jackals
  40 kobolds
  4 quokkas
  A ball python (D:1)
  11 bats
  2 frilled lizards
  2 goblin skeletons (D:11)
  A goblin zombie (D:11)
  A hobgoblin skeleton (D:11)
  2 hobgoblin zombies (D:11)
  2 orc skeletons (D:11)
  8 orc zombies (D:11)
  2 quokka zombies (Ossuary)
  5 rats
  A fungus (Lair:6)
  A plant (Lair:6)
1969 creatures vanquished.

Vanquished Creatures (collateral kills)
  The ghost of brujo666 the Warrior, an adept MiGl of Okawaru (Elf:3)
  A sphinx (Vaults:5)
  A storm dragon (Vaults:5)
  2 frost giants
  2 fire giants (Vaults:5)
  An orc warlord (Vaults:5)
  An iron dragon (Vaults:5)
  An ironheart preserver (Vaults:3)
  A war gargoyle (Vaults:5)
  A spark wasp (Depths:3)
  A deep elf annihilator (Vaults:5)
  An ettin (Vaults:5)
  A deep elf high priest (Elf:3)
  2 yaktaur captains (Vaults:5)
  A hydra (Swamp:4)
  19 vault guards (Vaults:5)
  6 two-headed ogres
  A ghost crab (Swamp:4)
  An ogre mage (Vaults:5)
  A dancing weapon (Vaults:5)
  A deep elf knight (Vaults:3)
  A deep elf archer (Vaults:3)
  A deep elf mage (Vaults:5)
  An orc sorcerer (Vaults:5)
  An ugly thing (Vaults:2)
  2 yaktaurs (Vaults:5)
  A warg (Vaults:5)
  A freezing wraith (Vaults:3)
  A troll (Vaults:5)
  An orc warrior (Vaults:5)
  A swamp drake (Swamp:4)
  4 ogres
  2 orc priests (Vaults:5)
  An orc wizard (Vaults:5)
  A hound zombie (Ossuary)
  2 gnolls
  9 orcs
  A hobgoblin (Bailey)
  A bush (Lair:6)
79 creatures vanquished.

Vanquished Creatures (others)
  A yaktaur captain (Vaults:5)
  An ogre mage (Depths:4)
  5 vault guards (Vaults:5)
  2 two-headed ogres
  A deep elf knight (Elf:2)
  A flayed ghost (Depths:3)
  An ironbrand convoker (Vaults:5)
  A yaktaur (Vaults:5)
  A jumping spider (Spider:1)
  A hornet (Swamp:4)
  A dancing weapon (Bailey)
  A spriggan (Swamp:4)
  7 humans (Spider:2)
  A hungry ghost (Abyss:3)
  A swamp worm (Swamp:4)
  An orc warrior (Vaults:2)
  A slave (D:9)
  A hound (D:11)
  An orc priest (D:9)
  An ogre zombie (D:11)
  An adder (D:9)
  An adder skeleton (D:9)
  4 orcs (D:9)
  A quokka (D:9)
  A leopard gecko zombie (Ossuary)
  3 orc zombies (D:11)
  3 briar patches (Swamp:4)
  23 fungi
  8 plants
  A snaplasher vine (Swamp:4)
  A withered plant (Ossuary)
78 creatures vanquished.

Grand Total: 2126 creatures vanquished

Notes
Turn   | Place    | Note
-------+----------+-------------------------------------------
     0 | D:1      | Xiin the Spriggan Enchanter began the quest for the Orb.
     0 | D:1      | Reached XP level 1. HP: 9/9 MP: 5/5
   204 | D:1      | Reached XP level 2. HP: 9/13 MP: 7/7
   208 | D:1      | Learned a level 2 spell: Ensorcelled Hibernation
  1310 | D:1      | Reached XP level 3. HP: 16/16 MP: 3/9
  1315 | D:1      | Learned a level 3 spell: Confuse
  1390 | D:1      | You fall through a shaft!
  2126 | D:2      | Gained mutation: You have a pair of small horns on your head. [potion of mutation]
  2126 | D:2      | Gained mutation: You are robust. (+10% HP) [potion of mutation]
  2360 | D:2      | Noticed Terence
  2380 | D:2      | Killed Terence
  2380 | D:2      | Reached skill level 5 in Hexes
  2380 | D:2      | Reached XP level 4. HP: 23/23 MP: 3/11
  2563 | D:2      | Found a runed door.
  2567 | D:2      | Noticed Crazy Yiuf
  2571 | D:2      | Killed Crazy Yiuf
  2728 | D:2      | Noticed Jessica
  2737 | D:2      | Killed Jessica
  2737 | D:2      | Reached XP level 5. HP: 10/26 MP: 8/13
  2941 | D:2      | Learned a level 3 spell: Tukima's Dance
  2945 | D:2      | Learned a level 3 spell: Dazzling Spray
  3134 | D:3      | Reached skill level 5 in Stealth
  3274 | D:3      | Noticed Robin
  3329 | D:3      | Killed Robin
  3394 | D:3      | Found a radiant altar of Vehumet.
  3395 | D:3      | Found a burning altar of Makhleb.
  3422 | D:3      | Reached skill level 6 in Stealth
  3608 | D:3      | Found a sparkling altar of Nemelex Xobeh.
  3850 | D:4      | Found a shattered altar of Ashenzari.
  3871 | D:4      | Found a staircase to the Ecumenical Temple.
  3922 | Temple   | Entered the Ecumenical Temple
  3963 | Temple   | Became a worshipper of Dithmenos the Shadowed
  4196 | D:4      | Noticed Grangar's ghost (novice MiFi)
  4310 | D:4      | Killed Grangar's ghost
  4310 | D:4      | Reached skill level 9 in Stealth
  4310 | D:4      | Reached XP level 6. HP: 30/30 MP: 2/14
  4310 | D:4      | Reached XP level 7. HP: 35/35 MP: 2/15
  4518 | D:4      | Found Oqaennis's Assorted Antiques.
  4533 | D:4      | Reached skill level 10 in Stealth
  4739 | D:5      | Entered Level 5 of the Dungeon
  4781 | D:5      | Reached skill level 11 in Stealth
  4943 | D:5      | Found Reblucy's Gadget Emporium.
  5127 | D:5      | Reached skill level 12 in Stealth
  5263 | D:5      | Reached XP level 8. HP: 30/39 MP: 16/16
  5395 | D:5      | Reached * piety under Dithmenos
  5422 | D:5      | Reached skill level 13 in Stealth
  5563 | D:5      | Reached skill level 14 in Stealth
  5757 | D:6      | Found a hazy altar of Hepliaklqana.
  6035 | D:6      | Reached skill level 15 in Stealth
  6092 | D:6      | Reached skill level 5 in Spellcasting
  6464 | D:6      | Reached skill level 1 in Fighting
  6464 | D:6      | Reached XP level 9. HP: 45/45 MP: 15/17
  6718 | D:7      | Found an opulent altar of Gozag.
  6718 | D:7      | Found a blossoming altar of Fedhas.
  6719 | D:7      | Found a glowing golden altar of the Shining One.
  6721 | D:7      | Found an ornate altar of the Wu Jian Council.
  6723 | D:7      | Reached ** piety under Dithmenos
  6883 | D:7      | Found a sand-covered staircase.
  6903 | Ossuary  | Entered an ossuary
  7387 | Ossuary  | Reached *** piety under Dithmenos
  7762 | Ossuary  | Reached skill level 5 in Dodging
  7986 | D:7      | Noticed Menkaure
  8134 | D:7      | Killed Menkaure
  8249 | D:7      | Noticed Duvessa
  8254 | D:7      | Killed Duvessa
  8260 | D:7      | Noticed Dowan
  8271 | D:7      | Killed Dowan
  8417 | D:7      | Found Jejurch Yczoi's General Store.
  8424 | D:7      | Bought a potion of heal wounds for 50 gold pieces
  8424 | D:7      | Bought a scroll of identify for 20 gold pieces
  8541 | D:7      | Noticed Joseph
  8541 | D:7      | Reached **** piety under Dithmenos
  8548 | D:7      | Reached XP level 10. HP: 36/52 MP: 12/21
  8574 | D:7      | Killed Joseph
  9040 | D:8      | Reached skill level 16 in Stealth
  9524 | D:8      | Found a staircase to the Lair.
  9831 | D:9      | Noticed Pikel
  9840 | D:9      | Killed Pikel
  9999 | D:9      | Noticed Grum
 10012 | D:9      | Killed Grum
 10518 | D:9      | Noticed a skeletal warrior
 10523 | D:9      | Noticed a skeletal warrior
 10523 | D:9      | Noticed a skeletal warrior
 10523 | D:9      | Noticed a skeletal warrior
 10525 | D:9      | Killed a skeletal warrior
 10525 | D:9      | Reached skill level 5 in Short Blades
 10556 | D:9      | Killed a skeletal warrior
 10783 | D:9      | Killed a skeletal warrior
 10785 | D:9      | Killed a skeletal warrior
 10785 | D:9      | Reached XP level 11. HP: 58/58 MP: 22/24
 10962 | D:10     | Entered Level 10 of the Dungeon
 10969 | D:10     | Found a flagged portal.
 10986 | Bailey   | Entered a bailey
 10991 | Bailey   | Noticed an orc warlord
 11594 | Bailey   | Found a runed gate.
 11594 | Bailey   | Found a runed gate.
 11594 | Bailey   | Found a runed gate.
 11848 | Bailey   | Identified 2 scrolls of acquirement
 11985 | Bailey   | Killed an orc warlord
 12693 | D:10     | Found Ecran's Food Boutique.
 12852 | D:10     | Noticed Josephine
 13454 | D:10     | Noticed Nergalle
 13454 | D:10     | Noticed Urug
 13569 | D:10     | Killed Urug
 13569 | D:10     | Reached skill level 17 in Stealth
 13570 | D:10     | Killed Nergalle
 14125 | D:10     | Reached skill level 5 in Fighting
 14539 | D:10     | You fall through a shaft!
 14572 | D:11     | Got a transparent short sword
 14573 | D:11     | Identified the +2 short sword of Guile {pierce, rC+} (You acquired it on level 11 of the Dungeon)
 14626 | D:11     | Found a stormy altar of Qazlal.
 14820 | D:10     | Found a bloodstained altar of Trog.
 14883 | D:11     | Reached ***** piety under Dithmenos
 15445 | D:11     | Noticed a two-headed ogre
 15468 | D:11     | Killed a two-headed ogre
 15468 | D:11     | Reached skill level 10 in Dodging
 15637 | D:11     | Reached XP level 12. HP: 44/66 MP: 22/26
 15915 | D:11     | Reached skill level 10 in Hexes
 15931 | D:11     | Found a staircase to the Orcish Mines.
 16635 | D:12     | Found Ebarch's Gadget Emporium.
 16672 | D:12     | Noticed Edwin's ghost (journeyman GnHu)
 17071 | D:12     | Killed Edwin's ghost
 17071 | D:12     | Reached skill level 10 in Spellcasting
 17158 | D:12     | Killed Josephine
 17226 | D:12     | Noticed a two-headed ogre
 17230 | D:12     | Killed a two-headed ogre
 17774 | D:12     | Noticed an eight-headed hydra
 17790 | D:12     | Killed an eight-headed hydra
 17790 | D:12     | Reached skill level 18 in Stealth
 18449 | D:13     | Noticed a centaur warrior
 18453 | D:13     | Killed a centaur warrior
 18703 | D:13     | Reached ****** piety under Dithmenos
 18871 | D:13     | Noticed Maurice
 18876 | D:13     | Killed Maurice
 19098 | D:13     | Reached XP level 13. HP: 72/72 MP: 23/28
 19863 | D:14     | Paralysed by a hornet for 3 turns
 20130 | D:14     | Found a gate to the Vaults.
 21421 | D:14     | Reached skill level 19 in Stealth
 22264 | Lair:1   | Entered Level 1 of the Lair of Beasts
 23188 | Lair:2   | Reached skill level 10 in Short Blades
 23756 | Lair:2   | Found a hole to the Spider Nest.
 23766 | Lair:2   | Reached XP level 14. HP: 79/79 MP: 26/30
 23946 | Lair:2   | Identified Huinaos's Handbook of Bewitchment (You acquired it on level 2 of the Lair of Beasts)
 23955 | Lair:2   | Learned a level 4 spell: Cause Fear
 25242 | Lair:4   | Found a frozen archway.
 25252 | IceCv    | Entered an ice cave
 26033 | Lair:4   | Found a staircase to the Swamp.
 27228 | Lair:5   | Found a staircase to the Slime Pits.
 27278 | Lair:5   | Noticed aredel's ghost (journeyman FoFi)
 27323 | Lair:5   | Killed aredel's ghost
 27771 | Lair:6   | Entered Level 6 of the Lair of Beasts
 29902 | Lair:6   | Reached skill level 20 in Stealth
 29989 | Lair:6   | Noticed jotwebe's ghost (journeyman DrTm)
 30006 | Lair:6   | Killed jotwebe's ghost
 30006 | Lair:6   | Reached XP level 15. HP: 85/85 MP: 29/32
 30318 | Orc:1    | Entered Level 1 of the Orcish Mines
 31232 | Orc:1    | Found Rutom's Weapon Emporium.
 31288 | Orc:2    | Entered Level 2 of the Orcish Mines
 31288 | Orc:2    | Found Ciogg's Jewellery Boutique.
 31448 | Orc:2    | Found a burning altar of Makhleb.
 31539 | Orc:2    | Found Fesmys's Armour Emporium.
 31546 | Orc:2    | Found Obiomiuj's General Store.
 31788 | Orc:2    | Found Myuroif's General Store.
 31819 | Orc:2    | Bought a +5 ring of protection for 770 gold pieces
 31894 | Orc:2    | Found Ragonk's Magic Scroll Shoppe.
 32096 | Orc:2    | Found a staircase to the Elven Halls.
 32104 | Orc:2    | Bought a +5 ring of evasion for 880 gold pieces
 32123 | Orc:2    | Noticed an orc warlord
 32126 | Orc:2    | Noticed Nessos
 32139 | Orc:2    | Killed Nessos
 32147 | Orc:2    | Killed an orc warlord
 32194 | Orc:2    | Found Hitarux's Antique Armour Shop.
 32267 | Orc:2    | Found Mopon's Antique Weapon Emporium.
 32744 | D:15     | Entered Level 15 of the Dungeon
 33120 | D:15     | Found a staircase to the Depths.
 33316 | Depths:1 | Entered Level 1 of the Depths
 33324 | Depths:1 | Found Kunuafuc's Gadget Boutique.
 33357 | Depths:1 | Found Dawnukk's Food Boutique.
 33375 | Depths:1 | Reached skill level 15 in Dodging
 34396 | Swamp:1  | Entered Level 1 of the Swamp
 34583 | Spider:1 | Entered Level 1 of the Spider Nest
 35595 | Spider:1 | Reached XP level 16. HP: 84/92 MP: 17/34
 36542 | Spider:2 | Noticed Kirke
 36544 | Spider:2 | Killed Kirke
 36544 | Spider:2 | Reached skill level 21 in Stealth
 36964 | Spider:2 | Noticed Arachne
 38113 | Spider:2 | Killed Arachne
 38113 | Spider:2 | Reached skill level 10 in Fighting
 38697 | Spider:3 | Identified the Catalogue of the Aerial Glacier (You acquired it on level 3 of the Spider Nest)
 38707 | Spider:3 | Learned a level 5 spell: Summon Mana Viper
 38713 | Spider:3 | Learned a level 5 spell: Silence
 39343 | Spider:4 | Entered Level 4 of the Spider Nest
 39676 | Spider:4 | Noticed Louise
 39678 | Spider:4 | Killed Louise
 40930 | Spider:4 | Reached skill level 15 in Hexes
 40930 | Spider:4 | Reached XP level 17. HP: 95/99 MP: 31/36
 41139 | Spider:4 | Got a gossamer rune of Zot
 41616 | Swamp:1  | Reached skill level 15 in Spellcasting
 42362 | Lair:4   | Reached skill level 22 in Stealth
 45933 | Swamp:3  | Learned a level 5 spell: Summon Forest
 45951 | Swamp:4  | Entered Level 4 of the Swamp
 46223 | Swamp:3  | Paralysed by a hornet for 1 turns
 48186 | Swamp:4  | Reached XP level 18. HP: 55/105 MP: 32/38
 49056 | Vaults:1 | Entered Level 1 of the Vaults
 49314 | Vaults:1 | Reached skill level 1 in Summonings
 50958 | Vaults:1 | Reached skill level 23 in Stealth
 53369 | Vaults:2 | Noticed Asterion
 53373 | Vaults:2 | Killed Asterion
 53373 | Vaults:2 | Reached XP level 19. HP: 112/112 MP: 40/40
 53434 | Vaults:2 | Noticed Jorgrun
 53436 | Vaults:2 | Killed Jorgrun
 53772 | Vaults:2 | Noticed Saint Roka
 53842 | Vaults:2 | Killed Saint Roka
 55501 | Vaults:3 | Reached skill level 5 in Summonings
 56352 | Vaults:3 | Found a staircase to the Crypt.
 56353 | Vaults:3 | Noticed an ancient lich
 56377 | Vaults:3 | Killed an ancient lich
 56870 | Vaults:3 | Noticed a golden dragon
 57496 | Vaults:3 | Reached skill level 24 in Stealth
 57690 | Vaults:3 | Killed a golden dragon
 58226 | Vaults:3 | Reached XP level 20. HP: 72/117 MP: 22/42
 59647 | Vaults:4 | Noticed Sojobo
 59649 | Vaults:4 | Killed Sojobo
 60677 | Vaults:4 | Noticed Boris
 60679 | Vaults:4 | Killed Boris
 64112 | Swamp:4  | Got a decaying rune of Zot
 64708 | Depths:1 | Found a gateway to Hell.
 64741 | Depths:1 | Noticed Aizul
 64743 | Depths:1 | Killed Aizul
 65115 | Depths:1 | Found a one-way gate leading to the halls of Pandemonium.
 65166 | Depths:1 | Found a one-way gate to the infinite horrors of the Abyss.
 65575 | Depths:1 | Reached XP level 21. HP: 124/124 MP: 44/44
 65845 | Depths:1 | Found a glowing golden altar of the Shining One.
 66133 | Depths:2 | Reached skill level 25 in Stealth
 68896 | Depths:2 | Found a snail-covered altar of Cheibriados.
 69850 | Depths:3 | Found a gateway to a ziggurat.
 70624 | Depths:3 | Noticed Boris
 70626 | Depths:3 | Killed Boris
 71201 | Depths:4 | Found Ytzeip's Island Escapes.
 71223 | Depths:4 | Bought a scroll of blinking for 97 gold pieces
 71223 | Depths:4 | Bought a scroll of teleportation for 39 gold pieces
 71223 | Depths:4 | Bought a scroll of teleportation for 39 gold pieces
 72112 | Depths:4 | Found the +2 hat of the Bear Spirit {Spirit, +Rage rN+ MR++}
 72139 | Depths:4 | Found a runed door.
 72489 | Depths:4 | Reached XP level 22. HP: 87/130 MP: 35/46
 73279 | Depths:4 | Noticed a golden dragon
 73279 | Depths:4 | Noticed a caustic shrike
 73281 | Depths:4 | Killed a golden dragon
 73282 | Depths:4 | Reached skill level 26 in Stealth
 73294 | Depths:4 | Killed a caustic shrike
 73620 | Depths:4 | Got a slimy jade ring
 73622 | Depths:4 | Got a smoking rapier
 73624 | Depths:4 | Identified the +7 rapier of the Orcish Mines {drain, +Blink MP+9 Str+4 Dex+4} (You found it on level 4 of the Depths)
 73727 | Depths:4 | Identified the ring "Vaqus" {rC+ MP+9 Int+6 Dex-2 Stlth+} (You found it on level 4 of the Depths)
 73950 | Elf:1    | Entered Level 1 of the Elven Halls
 74660 | Elf:1    | Identified the Handbook of Pyromania
 75900 | Elf:2    | Found Zeibeitt's Assorted Antiques.
 75907 | Elf:2    | Bought a potion of agility for 116 gold pieces
 75907 | Elf:2    | Bought a scroll of vulnerability for 217 gold pieces
 75907 | Elf:2    | Bought a papyrus book for 435 gold pieces
 76102 | Elf:2    | Found a runed gate.
 76102 | Elf:2    | Found a runed gate.
 76102 | Elf:2    | Found a runed gate.
 76805 | Elf:2    | Cast into level 2 of the Abyss (double sword of distortion)
 76805 | Abyss:2  | Found a corrupted altar of Lugonu.
 76811 | Abyss:2  | Found a corrupted altar of Lugonu.
 77199 | Abyss:3  | Found a corrupted altar of Lugonu.
 77321 | Abyss:3  | Found a corrupted altar of Lugonu.
 77875 | Elf:2    | Escaped the Abyss
 78841 | Elf:3    | Entered Level 3 of the Elven Halls
 78877 | Elf:3    | Noticed brujo666's ghost (adept MiGl)
 78909 | Elf:3    | Killed brujo666's ghost
 79969 | Depths:5 | Entered Level 5 of the Depths
 80508 | Depths:5 | Noticed a golden dragon
 80512 | Depths:5 | Killed a golden dragon
 81327 | Depths:5 | Found a gate to the Realm of Zot.
 81328 | Depths:5 | Reached XP level 23. HP: 138/138 MP: 43/48
 81378 | Depths:5 | Reached skill level 15 in Fighting
 83651 | Elf:3    | Got a transparent bone ring
 83654 | Elf:3    | Identified the ring of Contention {MR+ Str+3} (You took it off a deep elf master archer on level 3 of the Elven Halls)
 84758 | Elf:3    | Learned a level 6 spell: Invisibility
 84822 | Elf:3    | Identified Uhetitt's Almanac of Creation and Contamination
 84837 | Elf:3    | Learned a level 8 spell: Discord
 85263 | Vaults:5 | Entered Level 5 of the Vaults
 85287 | Vaults:5 | Reached skill level 27 in Stealth
 86078 | Vaults:5 | Killed from afar by a tengu reaver

Vault maps used:
D:1:      dpeg_arrival_rooms_with_view
D:2:      uniq_crazy_yiuf_cottage, uniq_terence, uniq_jessica
D:3:      grunt_temple_overflow_lords_of_destruction,
          lemuel_coloured_pillars_altar, kennysheep_path_1, uniq_robin
D:4:      lemuel_round_altar, temple_pool_b, serial_shops, shop,
          hangedman_decor_clover_reticule
D:5:      first_ration, serial_shops, nicolae_shop_statue_plus
D:6:      lemuel_crystal_altar
D:7:      chequers_temple_overflow_statue_of_worship, serial_shops, shop,
          nicolae_ossuary_entry_false_entrances, the_bakery, uniq_joseph,
          uniq_menkaure, uniq_duvessa
D:8:      lair_entry_dummy, hangedman_abyss_or_decor_jellyfish_corner
D:9:      uniq_pikel, uniq_grum
D:10:     lemuel_upstairs_altar, serial_shops, nicolae_shop_waterfront,
          enter_bailey_3, minmay_item_behind_shaft, uniq_nergalle,
          uniq_josephine, uniq_urug
D:11:     zombieorc1_lemuel, grunt_qazlal_clouds
D:12:     serial_shops, nicolae_shop_statue_plus, minmay_curled_crystal
D:13:     fountainhead, uniq_maurice
D:14:     david_vaults_2, minmay_misc_feat_enclosed, st_stairs_6,
          lightli_minifort
D:15:     hangedman_depths_entry_try_elsewhere_first, kennysheep_crisscross
Temple:   nicolae_temple_figure_eight
Lair:2:   nicolae_spider_entry_orb_guardian, special_room, minmay_holes,
          minivault_24, nicolae_quartered_pool_super,
          infiniplex_staircase_pool_2
Lair:3:   serial_bayou_crossing
Lair:4:   minmay_swamp_entry_worms, portal_ice_cave_rime, minivault_11,
          cheibrodos_lair_caveside_slide, minmay_lair_oklob_chamber
Lair:5:   nicolae_slime_entry_slimehenge, grunt_megastairs_1,
          lemuel_fruit_fields, lemuel_fruit_fields, serial_bayou_shore_a
Lair:6:   grunt_lair_end_beastmaster, lemuel_fruit_tree, serial_bayou_shore_b
Swamp:1:  hangedman_swamp_ruin_wall
Swamp:2:  serial_swamp_ruin, evilmike_swamp_ruin_house_6,
          evilmike_swamp_ruin_house_4
Swamp:3:  nicolae_swamp_phyte_club, evilmike_swamp_ruin_wall
Swamp:4:  swamp_alternative
Spider:2: spider_trap, uniq_kirke, uniq_arachne
Spider:3: spiders_nest_spider_trap
Spider:4: grunt_spider_rune_circles, hangedman_spider_tarantella_strand,
          uniq_louise
Orc:1:    cheibrodos_orc_arena, serial_shops, nicolae_shop_crystal
Orc:2:    grunt_orc_gardens, grunt_orc_garden, grunt_orc_garden,
          grunt_orc_garden, grunt_orc_garden, serial_shops, shop,
          shop_fountains, shop, basic_altar, uniq_nessos
Elf:1:    special_room, minmay_elf_sorcery, small_statue_intersection,
          spider_trap
Elf:2:    serial_shops, shop
Elf:3:    elf_hall_gauntlet_narrow
Vaults:1: nicolae_vaults_twisting_passages, vaults_room_ringed_pool,
          dpeg_vaults_monster_box, nicolae_vaults_little_ls,
          ontoclasm_vaults_pinch, vaults_mumra_lcd, serial_ice_g,
          vaults_standard_mumra_x, vaults_standard_mumra_lines,
          nicolae_vaults_circle_grid_a, nicolae_vaults_hallways_thing,
          vaults_dpeg_cross, v_misc_4, vaults_dpeg_encased_lava
Vaults:2: v_alt_pattern_1, v_misc_24, v_misc_12,
          nicolae_vaults_little_squares_4, nicolae_vaults_know_your_exits,
          vaults_room_corners, vaults_mumra_hexcomb,
          nicolae_vaults_specimen_jars, uniq_asterion, uniq_jorgrun,
          uniq_saint_roka
Vaults:3: nicolae_vaults_theta, minmay_crypt_entry_simple_round,
          ontoclasm_vaults_echo, hangedman_vaults_capsules, v_pattern_1,
          v_misc_29, hangedman_vaults_stretched_pinwheel,
          hangedman_vaults_stretched_pinwheel, v_misc_2,
          nicolae_vaults_little_squares_6, vaults_room_door_hall, v_misc_27,
          v_misc_22, vaults_dpeg_ring
Vaults:4: hangedman_vaults_trim, hangedman_vaults_stitches, v_alt_pattern_6,
          vaults_room_door_ring, v_misc_4, nicolae_vaults_little_squares_3,
          ontoclasm_vaults_ligature, vaults_room_corners,
          nicolae_vaults_stairing_the_circle, nicolae_vaults_diagonal_hallway_7,
          nicolae_vaults_little_squares_3, uniq_sojobo, uniq_boris
Vaults:5: serial_shops
Depths:1: rand_demon_pan_entry_1, abyss_entry_small_statue_room,
          dk_noncrumbling_4, hell_entry, minmay_misc_feat_hallway, tso_altar,
          minmay_shop_star, uniq_aizul
Depths:2: lemuel_troll_bridge, hell_entry, cheibriados_altar_1
Depths:3: kennysheep_ogre_elephant_herders, enter_ziggurat_f,
          hangedman_decor_push, rand_demon_pan_entry_8, hell_entry, uniq_boris
Depths:4: minmay_distorted_concentric_squares,
          nicolae_abyss_entry_one_way_or_another, pf_coc_iceberg,
          grunt_pan_entry_in_and_out, hangedman_decor_diamond_cutter,
          minmay_st_funbox, nicolae_island_escapes
Depths:5: evilmike_zot_entry_round, grunt_mini_vestibule,
          hangedman_abyss_or_decor_slice, serial_sigils_hangedman_leer,
          minmay_fountain_box, minmay_door_square, minmay_stone_trees_medium,
          lightli_corner_chamber
Abyss:3:  hangedman_decor_points
Ossuary:  ossuary_zaba_flooded
Bailey:   bailey_axe_bossmonster_kennysheep, bailey
IceCv:    ice_cave_caverns_03

Skill      XL: |  1  2  3  4  5  6  7  8  9 10 11 12 13 14 15 16 17 18 19 20 21 22 23 |
---------------+----------------------------------------------------------------------+-----
Spellcasting   | 3 4 5 6 8 9 10 11 12 13 14 15 16 17 18 19 20 21 | 21.1
Hexes          | 4 5 7 8 9 11 12 13 14 15 16 17 18 19 | 19.0
Stealth        | 9 12 15 16 17 18 19 20 21 22 23 24 25 26 27 | 27.0
Fighting       | 1 2 4 5 6 7 8 9 10 11 12 13 14 15 | 15.5
Short Blades   | 2 4 5 7 8 10 11 12 13 14 | 14.0
Dodging        | 6 8 10 11 12 14 15 16 17 18 19 20 21 23 | 23.8
Summonings     | 4 6 7 8 |  8.0

Action                   |  1- 3 |  4- 6 |  7- 9 | 10-12 | 13-15 | 16-18 | 19-21 | 22-24 || total
-------------------------+-------+-------+-------+-------+-------+-------+-------+-------++-------
Melee: Dagger            |   127 |   156 |   396 |   389 |       |       |       |       ||  1068
       Headbutt          |     2 |    20 |    63 |    98 |   173 |   248 |   287 |   185 ||  1076
       Quick blade       |       |       |       |   334 |  1259 |  1375 |  1464 |   928 ||  5360
Throw: Throwing net      |       |       |       |       |       |       |     2 |       ||     2
 Cast: Corona            |     3 |       |       |       |       |       |       |       ||     3
       Ensorcelled Hiber |    30 |    11 |    11 |   101 |   107 |   119 |    18 |    30 ||   427
       Confuse           |     2 |     7 |    53 |    82 |    75 |    88 |   171 |    29 ||   507
       Dazzling Spray    |       |       |    14 |    23 |    48 |    73 |   134 |    56 ||   348
       Tukima's Dance    |       |       |     3 |    14 |     3 |     1 |     1 |     2 ||    24
       Summon Mana Viper |       |       |       |       |       |     4 |    43 |    28 ||    75
       Silence           |       |       |       |       |       |       |     1 |     1 ||     2
       Summon Forest     |       |       |       |       |       |       |     3 |     2 ||     5
       Discord           |       |       |       |       |       |       |       |     4 ||     4
       Invisibility      |       |       |       |       |       |       |       |     1 ||     1
Invok: Shadow Step       |       |       |       |     1 |     6 |    12 |    17 |     8 ||    44
Evoke: Wand              |       |       |     1 |     8 |     4 |     1 |    14 |       ||    28
  Use: Scroll            |     5 |     7 |     9 |    10 |    15 |     4 |     7 |    12 ||    69
       Potion            |     1 |       |     1 |    10 |     1 |     9 |     9 |     6 ||    37
 Stab: Sleeping          |    17 |    10 |    23 |    77 |   179 |   170 |   106 |   104 ||   686
       Confused          |       |     5 |    28 |    48 |    47 |    46 |   104 |    19 ||   297
       Invisible         |       |       |     5 |     9 |    22 |    22 |    38 |    12 ||   108
       Distracted        |       |       |     5 |     6 |    10 |    17 |    22 |    17 ||    77
       Petrifying        |       |       |       |       |     1 |       |       |       ||     1
       Held in net/web   |       |       |       |       |       |     2 |     1 |       ||     3
  Eat: Ration            |       |     2 |     5 |     5 |    10 |     9 |    12 |    10 ||    53
Armor: Robe              |    18 |    21 |    34 |    33 |    26 |    42 |    47 |    27 ||   248
Dodge: Dodged            |   147 |   111 |   234 |   591 |   690 |   979 |  1099 |   529 ||  4380
Block: Other             |       |       |       |       |    70 |   114 |   123 |    75 ||   382
       Reflection        |       |       |       |       |       |     3 |     8 |     3 ||    14

Table legend:
 A = Spawn XP
 B = Non-spawn XP
 C = Spawn XP percentage of total XP
 D = Spawn monster count
 E = Non-spawn monster count
 F = Spawn count percentage of total count
 G = Total turns spent on level
                    A         B        C        D         E        F      G
               +---------+---------+-------+---------+---------+-------+---------
         Total |    4383 |  930874 |   0.5 |       6 |    2052 |   0.3 | 86078
               +---------+---------+-------+---------+---------+-------+---------
           D:1 |       0 |      45 |   0.0 |       0 |      25 |   0.0 |  1948
           D:2 |       0 |     160 |   0.0 |       0 |      21 |   0.0 |  1070
           D:3 |       0 |     147 |   0.0 |       0 |      37 |   0.0 |   771
           D:4 |       0 |     515 |   0.0 |       0 |       2 |   0.0 |   751
           D:5 |       0 |    1110 |   0.0 |       0 |      22 |   0.0 |  1001
           D:6 |       0 |     908 |   0.0 |       0 |      18 |   0.0 |  1286
           D:7 |       0 |    2496 |   0.0 |       0 |      39 |   0.0 |   998
           D:8 |       0 |     867 |   0.0 |       0 |      21 |   0.0 |   854
           D:9 |       0 |    4260 |   0.0 |       0 |      11 |   0.0 |  1706
          D:10 |       0 |    5257 |   0.0 |       0 |      45 |   0.0 |  2255
          D:11 |       0 |    7530 |   0.0 |       0 |      65 |   0.0 |  2225
          D:12 |       0 |    7696 |   0.0 |       0 |      36 |   0.0 |  2001
          D:13 |       0 |    8525 |   0.0 |       0 |      51 |   0.0 |  1949
          D:14 |       0 |   17391 |   0.0 |       0 |      53 |   0.0 |  2110
          D:15 |       0 |   13484 |   0.0 |       0 |      28 |   0.0 |  1805
        Lair:1 |       0 |    1118 |   0.0 |       0 |       8 |   0.0 |   957
        Lair:2 |       0 |    6155 |   0.0 |       0 |      37 |   0.0 |  1640
        Lair:3 |       0 |    3229 |   0.0 |       0 |      14 |   0.0 |   861
        Lair:4 |       0 |   10662 |   0.0 |       0 |      36 |   0.0 |  2296
        Lair:5 |       0 |    9213 |   0.0 |       0 |      36 |   0.0 |  1872
        Lair:6 |       0 |   17864 |   0.0 |       0 |      48 |   0.0 |  1961
       Swamp:1 |       0 |   10699 |   0.0 |       0 |      23 |   0.0 |   879
       Swamp:2 |       0 |   10392 |   0.0 |       0 |      29 |   0.0 |  1201
       Swamp:3 |       0 |   29046 |   0.0 |       0 |      55 |   0.0 |  4962
       Swamp:4 |       0 |   28533 |   0.0 |       0 |      63 |   0.0 |  1450
      Spider:1 |       0 |   22335 |   0.0 |       0 |      69 |   0.0 |  2729
      Spider:2 |       0 |   14254 |   0.0 |       0 |      28 |   0.0 |   603
      Spider:3 |       0 |   15782 |   0.0 |       0 |      40 |   0.0 |  1066
      Spider:4 |       0 |   34028 |   0.0 |       0 |      73 |   0.0 |  2070
         Orc:1 |       0 |    6979 |   0.0 |       0 |      47 |   0.0 |  1467
         Orc:2 |       0 |   11775 |   0.0 |       0 |      52 |   0.0 |  1085
         Elf:1 |       0 |   25945 |   0.0 |       0 |      52 |   0.0 |  1511
         Elf:2 |       0 |   33656 |   0.0 |       0 |      49 |   0.0 |  2470
         Elf:3 |    2605 |   33304 |   7.3 |       1 |      31 |   3.1 |  3768
      Vaults:1 |       0 |   49557 |   0.0 |       0 |      89 |   0.0 |  2885
      Vaults:2 |       0 |   67793 |   0.0 |       0 |     103 |   0.0 |  3697
      Vaults:3 |       0 |   76930 |   0.0 |       0 |     116 |   0.0 |  4312
      Vaults:4 |       0 |   61039 |   0.0 |       0 |      72 |   0.0 |  2116
      Vaults:5 |       0 |   46262 |   0.0 |       0 |      80 |   0.0 |   815
      Depths:1 |       0 |   28607 |   0.0 |       0 |      34 |   0.0 |  2513
      Depths:2 |       0 |   50801 |   0.0 |       0 |      70 |   0.0 |  2257
      Depths:3 |       0 |   42559 |   0.0 |       0 |      53 |   0.0 |  1592
      Depths:4 |       0 |   55263 |   0.0 |       0 |      56 |   0.0 |  2616
      Depths:5 |       0 |   51171 |   0.0 |       0 |      47 |   0.0 |  1721
       Abyss:3 |    1778 |    1641 |  52.0 |       5 |       4 |  55.6 |  1015
       Ossuary |       0 |     750 |   0.0 |       0 |      32 |   0.0 |  1021
        Bailey |       0 |    2187 |   0.0 |       0 |      27 |   0.0 |  1452
         IceCv |       0 |     954 |   0.0 |       0 |       5 |   0.0 |   234
               +---------+---------+-------+---------+---------+-------+---------
